 Dungeon Crawl Stone Soup version 0.25-a0-549-g6e6e6501ad (webtiles) character file.

Game seed: 13202881558310651167, levelgen mode: deterministic

119 ICC the Magician (level 5, -9/28 HPs)
             Began as a Vine Stalker Fighter on Feb 23, 2020.
             Mangled by Crazy Yiuf
             ... wielding a +3 quarterstaff of chaos
              (12 damage)
             ... on level 2 of the Dungeon.
             The game lasted 00:04:01 (1503 turns).

ICC the Magician (Vine Stalker Fighter)             Turns: 1503, Time: 00:04:01

Health: -9/28      AC: 11    Str: 24    XL:     5   Next: 3%
Magic:  0/12       EV:  6    Int:  8    God:
Gold:   28         SH:  0    Dex: 14    Spells: 12/12 levels left

rFire    . . .     SeeInvis .   a - +0 long sword
rCold    . . .     Gourm    .   (no shield)
rNeg     . . .     Faith    .   l - +0 plate armour
rPois    .         Spirit   +   (no helmet)
rElec    .         Reflect  .   (no cloak)
rCorr    .         Harm     .   (no gloves)
MR       .....                  (no boots)
Stlth    ..........             (no amulet)
HPRegen  0.49/turn              (no ring)
MPRegen  0.13/turn              (no ring)

@: mighty, lethally poisoned (-9 -> -11)
A: fangs 2, regeneration 1, magic shield, antimagic bite, no potion heal 3, rot
immunity
a: no special abilities


You were on level 2 of the Dungeon.
You were hungry.

You visited 1 branch of the dungeon, and saw 3 of its levels.

You collected 28 gold pieces.

Inventory:

Hand Weapons
 a - a +0 long sword (weapon)
Armour
 l - a +0 plate armour (worn)
Scrolls
 c - 3 scrolls of remove curse {unknown}
 e - a scroll of fog {unknown}
 g - a scroll of blinking {unknown}
 i - a scroll of identify {unknown}
 k - 2 scrolls of magic mapping {unknown}
 m - a scroll of enchant weapon {unknown}
Potions
 h - a potion of cancellation {unknown}
 j - 2 potions of flight {unknown}
 n - a potion of haste {unknown}
Comestibles
 f - 3 rations


   Skills:
 - Level 3.0 Fighting
 - Level 2.0 Long Blades
 - Level 2.4 Armour
   Level 2.6 Shields
 + Level 4.0 Spellcasting


You had 12 spell levels left.
You didn't know any spells.
Your spell library was empty.

Dungeon Overview and Level Annotations

Branches:
Dungeon (3/15)

Altars:
Cheibriados
Gozag
Qazlal
Ru

Annotations:
D:2 Crazy Yiuf


Innate Abilities, Weirdness & Mutations

You have extremely sharp teeth.
Your natural rate of healing is unusually fast.
When hurt, damage is shared between your health and your magic reserves.
Your bite disrupts and absorbs the magic of your enemies.
Potions cannot restore your health.
You are immune to rotting.


Message History

Crazy Yiuf hits you but does no damage.
Crazy Yiuf hits you with a +3 quarterstaff of chaos.
Crazy Yiuf freezes you.
Your plate armour prevents you from hitting Crazy Yiuf.
You bite Crazy Yiuf, but do no damage.
Crazy Yiuf says, "Cards Orb Guardian broken!"
Crazy Yiuf hits you with a +3 quarterstaff of chaos.
You are electrocuted!
You barely miss Crazy Yiuf. You bite Crazy Yiuf, but do no damage.
Crazy Yiuf cries, "Gum!
Scoff tired chair."
Crazy Yiuf hits you with a +3 quarterstaff of chaos.
You are poisoned.
You barely miss Crazy Yiuf.
You feel sick.
Crazy Yiuf hits you with a +3 quarterstaff of chaos.
You are electrocuted!
* * * LOW HITPOINT WARNING * * *
You feel very mighty all of a sudden.
Crazy Yiuf yells, "Cholesterol!
Liver pizzabubble ragdoll."
Crazy Yiuf hits you with a +3 quarterstaff of chaos!
You die...

#................###.......#
################## ######'.#
#..# ##### #..# #)..# #...
#...# #.## ... #.# #g# #.#
♣@♣♣ #.# ♣♣.♣ #.## ♣.♣♣
#########... ♣♣.♣
#........... ♣♣.♣♣
#.########.. ♣♣...♣ #.# #..
♣....♣ #.# ### #....# #.#
#....###.#


You could see Crazy Yiuf.

Vanquished Creatures
  A bullfrog (D:3)
  2 oozes
  A worm (D:2)
  2 dart slugs (D:1)
  2 leopard geckos (D:1)
  An orc (D:2)
  3 giant cockroaches (D:1)
  7 hobgoblins
  2 jackals (D:1)
  3 kobolds
  A bat (D:1)
  2 frilled lizards (D:1)
  5 goblins
  5 rats (D:1)
37 creatures vanquished.

Notes
Turn   | Place    | Note
-------+----------+-------------------------------------------
     0 | D:1      | ICC the Vine Stalker Fighter began the quest for the Orb.
     0 | D:1      | Reached XP level 1. HP: 11/11 MP: 2/2
    78 | D:1      | Reached XP level 2. HP: 9/16 MP: 3/3
   121 | D:1      | Reached skill level 1 in Spellcasting
   197 | D:1      | Reached XP level 3. HP: 13/20 MP: 6/6
   226 | D:1      | Reached skill level 2 in Spellcasting
   822 | D:2      | Found a snail-covered altar of Cheibriados.
   878 | D:2      | Found a sacrificial altar of Ru.
   879 | D:2      | Found an opulent altar of Gozag.
   982 | D:2      | Found a runed translucent door.
   983 | D:2      | Noticed Crazy Yiuf
  1055 | D:2      | Found a stormy altar of Qazlal.
  1362 | D:3      | Noticed a bullfrog
  1369 | D:3      | Killed a bullfrog
  1369 | D:3      | Reached skill level 4 in Spellcasting
  1369 | D:3      | Gained mutation: Your natural rate of healing is unusually
                  | fast. [Vine Stalker growth]
  1369 | D:3      | Reached XP level 4. HP: 11/24 MP: 8/11
  1369 | D:3      | Reached XP level 5. HP: 13/28 MP: 8/12
  1503 | D:2      | Mangled by Crazy Yiuf

Levels and vault maps discovered:
D:1:      dpeg_arrival_line_fractal, layout_basic
D:2:      layout_basic, grunt_qazlal_sundering, old_standard_altar,
          grunt_temple_overflow_open, uniq_crazy_yiuf_cottage
D:3:      layout_basic, first_ration, minmay_ruptured, uniq_jessica

Skill      XL: |  1  2  3 |
---------------+----------+-----
Long Blades    | 2 |  2.0
Fighting       | 3 |  3.0
Spellcasting   | 1 4 |  4.0
Armour         | |  2.4
Shields        | |  2.6

Action                   |  1- 3 |  4- 6 || total
-------------------------+-------+-------++-------
Melee: Long sword        |    88 |     4 ||    92
       Bite              |    24 |     2 ||    26
  Use: Potion            |       |     1 ||     1
  Eat: Chunk             |     1 |       ||     1
Armor: Scale mail        |    36 |       ||    36
       Plate armour      |    13 |     1 ||    14
Dodge: Dodged            |    39 |       ||    39
       Rpst.: Long sword |    13 |       ||    13

Table legend:
 A = Non-vault XP
 B = Vault XP
 C = Vault XP percentage of total XP
 D = Non-vault monster count
 E = Vault monster count
 F = Vault count percentage of total count
                 A         B        C        D         E       F
            +---------+---------+-------+---------+---------+-------
      Total |     171 |       0 |   0.0 |      37 |       0 |   0.0
            +---------+---------+-------+---------+---------+-------
        D:1 |      60 |       0 |   0.0 |      29 |       0 |   0.0
        D:2 |      13 |       0 |   0.0 |       5 |       0 |   0.0
        D:3 |      98 |       0 |   0.0 |       3 |       0 |   0.0
            +---------+---------+-------+---------+---------+-------
